 Dungeon Crawl Stone Soup version 0.20.1-1-g8b1a95d (webtiles) character file.

42 Linguinho the Sneak (level 3, -4/27 HPs)
             Began as a Demonspawn Assassin on Oct 29, 2017.
             Splashed by a jelly's acid (7 damage)
             ... on level 1 of the Dungeon.
             The game lasted 00:02:02 (825 turns).

Linguinho the Sneak (Demonspawn Assassin)            Turns: 825, Time: 00:02:04

Health: -4/27      AC:  0    Str: 11    XL:     3   Next: 33%
Magic:  3/3        EV: 13    Int: 12    God:
Gold:   78         SH:  0    Dex: 15    Spells: 2/2 levels left

rFire    . . .     SeeInvis .   a - +2 dagger
rCold    . . .     Gourm    .   (no shield)
rNeg     . . .     Faith    .   j - +0 leather armour (curse)
rPois    .         Spirit   .   (no helmet)
rElec    .         Reflect  .   d - +0 cloak
rCorr    .         Harm     .   (no gloves)
MR       .....                  (no boots)
Stlth    ++........             (no amulet)
Regen    0.1/turn               (no ring)
MPRegen  0.1/turn               (no ring)

@: corroded
A: repulsion field 1, spiny 1
a: no special abilities


You were on level 1 of the Dungeon.
You were not hungry.

You visited 1 branch of the dungeon, and saw 1 of its levels.

You collected 78 gold pieces.

Inventory:

Hand Weapons
 a - a +2 dagger (weapon)
 b - a +0 blowgun
Missiles
 e - 8 poisoned needles
 f - 2 curare-tipped needles
Armour
 c - a +0 robe
 d - a +0 cloak (worn)
 j - a cursed +0 leather armour (worn)
Jewellery
 h - an uncursed amulet of faith {unknown}
Scrolls
 i - 2 scrolls of identify {unknown}
 m - a scroll of enchant weapon {unknown}
Potions
 l - a potion of degeneration {unknown}
Comestibles
 g - a bread ration
 k - a royal jelly


   Skills:
 + Level 2.1 Fighting
 + Level 2.0 Short Blades
 - Level 1.9 Throwing
 * Level 0.6 Armour
 + Level 1.1 Dodging
 * Level 4.3 Stealth


You had 2 spell levels left.
You didn't know any spells.

Dungeon Overview and Level Annotations

Branches:
Dungeon (1/15)

Altars:


Innate Abilities, Weirdness & Mutations

You are surrounded by a mild repulsion field. (EV +2)
You are partially covered in sharp spines.


Message History

You barely miss the ooze.
The ooze is moderately wounded.
The ooze closely misses you.
You hit the ooze.
The ooze is moderately wounded.
You hit the ooze.
The ooze is severely wounded.
The ooze is struck by your spines. The ooze hits you but does no damage.
You hit the ooze but do no damage.
The ooze is almost dead.
The ooze barely misses you.
You hit the ooze.
You kill the ooze!
You hit the jelly.
Your hands burn!
* * * LOW HITPOINT WARNING * * *
The jelly is moderately wounded.
The jelly is struck by your spines. The jelly hits you.
* * * LOW HITPOINT WARNING * * *
The acid corrodes you!
You are splashed with acid!
The acid burns!
You die...

.# #.# #.# ###.## )# #.# #.# #...
.#############.#######.# ##..
.##..............>.....########.#
.................####............
.###############.# #.#########).
.#.............#.# #.# #..
.#.......J.... #.# #.# ####.. .#
..$..h... #@# #.######.....
.#######'#######J# #........####
.#......Jh.)...#.# #######..#
.+⌠....###.sJ.⌠'.# #...#
.#......<......#.# #...#
.#..⌠...>...⌠..#.# #...####
.###+#######'###.# #.......
.................# #..#####
......#.####.....# #..#


You could see a jelly.

Vanquished Creatures
  2 oozes (D:1)
  A dart slug (D:1)
  A ball python (D:1)
  A bat (D:1)
  4 giant cockroaches (D:1)
  A goblin (D:1)
  3 hobgoblins (D:1)
  8 jackals (D:1)
  2 kobolds (D:1)
  A frilled lizard (D:1)
  2 rats (D:1)
26 creatures vanquished.

Notes
Turn   | Place    | Note
-------+----------+-------------------------------------------
     0 | D:1      | Linguinho the Demonspawn Assassin began the quest for the Orb.
     0 | D:1      | Reached XP level 1. HP: 16/16 MP: 1/1
     1 | D:1      | Found a runed door.
     1 | D:1      | Noticed a jelly
   299 | D:1      | Reached skill level 1 in Dodging
   393 | D:1      | Gained mutation: You are surrounded by a mild repulsion field. (EV +2) [demonic ancestry]
   393 | D:1      | Reached XP level 2. HP: 20/22 MP: 2/2
   437 | D:1      | Reached skill level 4 in Stealth
   791 | D:1      | Gained mutation: You are partially covered in sharp spines. [demonic ancestry]
   791 | D:1      | Reached XP level 3. HP: 10/27 MP: 3/3
   825 | D:1      | Splashed by a jelly's acid

Skill      XL: |  1  2 |
---------------+-------+-----
Dodging        | 1 |  1.1
Stealth        | 4 |  4.3
Short Blades   | 2 |  2.0
Fighting       | |  2.1
Throwing       | |  1.9
Armour         | |  0.6

Action                   || total
-------------------------++-------
Melee: Dagger            ||   105
 Stab: Sleeping          ||     3
Armor: Robe              ||     6
       Leather armour    ||    23
Dodge: Dodged            ||    61
